 Dungeon Crawl Stone Soup version 0.25-a0-322-g3677130cb1 (webtiles) character file.

Game seed: 9303016882206015544, levelgen mode: deterministic

7051 floatRand the Covert (level 10, -1/90 HPs)
             Began as a Green Draconian Assassin on Dec 27, 2019.
             Was a High Priest of Uskayaw.
             Slain by a centaur
             ... wielding a +0 long sword
              (9 damage)
             ... on level 9 of the Dungeon.
             The game lasted 00:14:42 (10187 turns).

floatRand the Covert (Green Draconian Assassin)    Turns: 10187, Time: 00:14:43

Health: -1/90      AC: 18    Str: 13    XL:     10   Next: 83%
Magic:  14/14      EV: 17    Int: 12    God:    Uskayaw [*****.]
Gold:   281        SH:  0    Dex: 20    Spells: 3/9 levels left

rFire    . . .     SeeInvis .   i - +5 dagger (elec)
rCold    . . .     Gourm    .   (no shield)
rNeg     . . .     Faith    .   (armour unavailable)
rPois    +         Spirit   .   (helmet restricted)
rElec    .         Reflect  .   b - +0 cloak
rCorr    +         Harm     .   j - +2 pair of gloves
MR       .....                  J - +2 pair of boots {Stlth+}
Stlth    ++++++....             (no amulet)
HPRegen  0.25/turn              A - +4 ring of protection
MPRegen  0.14/turn              I - ring of Limitation {rCorr Dex+4}

@: very slightly contaminated, hasted, invisible, very quick
A: breathe noxious fumes, unfitting armour, poison resistance, cold-blooded, AC
+7
a: Breathe Noxious Fumes, Stomp, Line Pass, Grand Finale, Renounce Religion


You were on level 9 of the Dungeon.
You worshipped Uskayaw.
Uskayaw was noncommittal.
You were hungry.

You visited 1 branch of the dungeon, and saw 10 of its levels.

You collected 591 gold pieces.
You spent 310 gold pieces at shops.

Inventory:

Hand Weapons
 a - a +2 dagger
 i - a +5 dagger of electrocution (weapon)
 u - a +2 demon trident of draining
 G - a +1 rapier of speed
Missiles
 c - 14 poisoned darts (quivered)
 d - 2 curare-tipped darts
 e - a throwing net
 D - 2 atropa-tipped darts
Armour
 b - a +0 cloak (worn)
 j - a +2 pair of gloves (worn)
 J - a +2 pair of boots of stealth (worn)
Jewellery
 q - an uncursed ring of flight
 A - a +4 ring of protection (left hand)
 I - the ring of Limitation (right hand) {rCorr Dex+4}
   (You bought it in a shop on level 10 of the Dungeon)

   [ring of resist corrosion]

   It affects your dexterity (+4).
   It provides partial protection from all sources of acid and corrosion.
Wands
 g - a wand of enslavement (6)
 r - a wand of flame (8)
 w - a wand of random effects (13)
 x - a wand of digging (4)
 L - a wand of polymorph (8)
Scrolls
 t - 4 scrolls of remove curse
 v - a scroll of identify
 y - 4 scrolls of teleportation
 B - a scroll of fog {unknown}
 F - a scroll of fear {unknown}
 K - a scroll of torment {unknown}
Potions
 h - a potion of resistance {unknown}
 k - 2 potions of cancellation
 l - 2 potions of curing
 m - a potion of mutation
 n - 3 potions of brilliance
 o - 2 potions of magic
 p - a potion of invisibility
 s - a potion of haste
 z - a potion of might {unknown}
 C - 2 potions of heal wounds
 E - 5 potions of flight {unknown}
Comestibles
 f - 13 rations
 H - 8 chunks of flesh


   Skills:
 + Level 8.5 Fighting
 * Level 5.4 Short Blades
 - Level 1.7 Throwing
 + Level 6.8 Dodging
 * Level 10.8 Stealth
 + Level 6.6 Invocations


You had 3 spell levels left.
You knew the following spells:

 Your Spells              Type           Power        Failure   Level  Hunger
a - Invisibility          Hex            #.......     100%        6    #######

Your spell library contained the following spells:

 Spells                   Type           Power        Failure   Level  Hunger
 Confusing Touch          Hex            #.....       32%         1    ##.....
 Passwall                 Tmut/Erth      #.......     45%         2    ###....
 Swiftness                Chrm/Air       #.......     45%         2    ###....
 Confuse                  Hex            #.......     69%         3    ####...
 Gell's Gravitas          Tloc           #.........   69%         3    ####...
 Passage of Golubria      Tloc           N/A          97%         4    #####..
 Petrify                  Tmut/Erth      #.......     97%         4    #####..
 Lee's Rapid Deconstruct  Erth           #.........   100%        5    ######.
 Metabolic Englaciation   Hex/Ice        #.........   100%        5    ######.
 Yara's Violent Unravell  Hex/Tmut       #.........   100%        5    ######.
 Darkness                 Hex            #.........   100%        6    #######


Dungeon Overview and Level Annotations

Branches:
Dungeon (10/15)            Temple (0/1) D:6            Lair (0/6) D:9
    Orc: D:9-12

Altars:
Dithmenos
Fedhas
Kikubaaqudgha
Qazlal
Uskayaw
Vehumet

Shops:
D:4 *   D:10 *

Annotations:
D:5 1 runed translucent door, Crazy Yiuf
D:10 Joseph


Innate Abilities, Weirdness & Mutations

You can breathe blasts of noxious fumes.
Your lurid green scales are hard. (AC +7)
You cannot fit into any form of body armour.
Your system is resistant to poisons. (rPois)
You are cold-blooded and may be slowed by cold attacks.


Message History

The hound is almost dead.
You hit the hound. Lightning courses through the hound!
You kill the hound!
The centaur unwields a +0 shortbow.
The centaur wields a +0 long sword.
The centaur barely misses you.
Uskayaw links your audience in an emotional bond!
You see here a hound corpse.
You hit the centaur.
The centaur is lightly wounded.
The centaur closely misses you.
You hit the centaur. You tail-slap the centaur.
The centaur is heavily wounded.
You hit the centaur.
You tail-slap the centaur, but do no damage.
The centaur is heavily wounded.
The centaur misses you.
You barely miss the centaur.
The centaur is heavily wounded.
The centaur hits you with a +0 long sword!
You die...

##.#(†##.#.####..###
##.#..##.#.##......)=
##...†......##...h..T #
#.#.....)...y...# ..# .#
#.#....##.#.....# .S##s.# #
#.#....##.#(##..# ..)[....
#.##.#.....#.#(##..##..$%..
. #.#.........c).####....# .
#....#....##@######.W..#
###..#...........####?Z5.Z.#
#..#...........## $)....#
##................# #######
#...#...#######..##
#...#...# #.....# #...#..(#
#.....########### #...#...#
#................ ##.##...#
#####.######.....


You could see a hornet (wandering) and a centaur.

Vanquished Creatures
  A two-headed ogre (D:8)
  3 trolls (D:9)
  A hippogriff (D:8)
  Grinder (D:6)
  Prince Ribbit (D:7)
  Sigmund (D:5)
  A wyvern (D:10)
  Menkaure (D:5)
  A hungry ghost (D:8)
  A soldier ant (D:10)
  3 orc warriors
  A necrophage (D:10)
  3 phantoms
  2 sky beasts (D:7)
  2 ice beasts
  An eye of draining (D:8)
  5 ogres
  4 centaurs
  A crocodile (D:9)
  8 big kobolds (D:3)
  4 bullfrogs
  4 killer bees (D:7)
  4 scorpions
  A howler monkey (D:9)
  5 crimson imps
  2 quasits (D:9)
  6 hounds
  5 jellies
  5 orc priests
  2 centaur skeletons
  A centaur zombie (D:9)
  6 orc wizards
  An iguana (D:8)
  Natasha (thrice) (D:2)
  5 worker ants
  A hound zombie (D:7)
  4 gnolls
  10 adders
  2 howler monkey skeletons
  A shadow imp (D:9)
  An adder skeleton (D:5)
  3 adder zombies
  2 worms
  3 dart slugs
  3 leopard geckos
  28 orcs
  6 bats (D:1)
  4 giant cockroaches
  11 goblins
  6 hobgoblins
  12 jackals
  A quokka (D:6)
  A ball python (D:3)
  5 frilled lizards
  2 jackal zombies
  41 kobolds
  2 quokka skeletons
  A quokka zombie (D:8)
  7 rats
253 creatures vanquished.

Vanquished Creatures (others)
  An adder (D:9)
1 creature vanquished.

Grand Total: 254 creatures vanquished

Notes
Turn   | Place    | Note
-------+----------+-------------------------------------------
     0 | D:1      | floatRand the Draconian Assassin began the quest for the
                  | Orb.
     0 | D:1      | Reached XP level 1. HP: 17/17 MP: 1/1
   170 | D:1      | Reached skill level 4 in Stealth
   181 | D:1      | Reached XP level 2. HP: 19/24 MP: 2/2
   812 | D:1      | Reached XP level 3. HP: 29/29 MP: 3/3
  1348 | D:2      | Reached skill level 5 in Stealth
  1369 | D:2      | Found a stormy altar of Qazlal.
  1431 | D:2      | Noticed Natasha
  1441 | D:2      | Killed Natasha
  1441 | D:2      | Reached XP level 4. HP: 27/36 MP: 4/4
  1521 | D:2      | Noticed Natasha
  1530 | D:2      | Killed Natasha
  1664 | D:2      | Noticed Natasha
  1672 | D:2      | Killed Natasha
  1738 | D:3      | Reached skill level 6 in Stealth
  1880 | D:3      | Noticed an ogre
  1890 | D:3      | Killed an ogre
  1890 | D:3      | Reached XP level 5. HP: 22/41 MP: 5/5
  2742 | D:3      | Reached skill level 1 in Dodging
  2742 | D:3      | Reached skill level 7 in Stealth
  2742 | D:3      | Reached XP level 6. HP: 35/50 MP: 6/6
  3324 | D:3      | Your scales start taking on a lurid green colour.
  3324 | D:3      | Reached XP level 7. HP: 37/57 MP: 7/7
  3324 | D:3      | Gained mutation: Your system is resistant to poisons.
                  | (rPois) [Green Draconian growth]
  4000 | D:4      | Reached skill level 8 in Stealth
  4069 | D:4      | Noticed a +0 dagger
  4069 | D:4      | Noticed a +0 hand axe
  4072 | D:4      | Found a hide-covered altar of Uskayaw.
  4345 | D:4      | Reached XP level 8. HP: 66/67 MP: 8/8
  4352 | D:4      | Reached skill level 5 in Fighting
  4421 | D:4      | Found Lyhaop's General Store.
  4679 | D:4      | Became a worshipper of Uskayaw the Reveler
  4807 | D:4      | Found a shadowy altar of Dithmenos.
  4867 | D:4      | Reached * piety under Uskayaw
  4909 | D:5      | Entered Level 5 of the Dungeon
  5043 | D:5      | Reached ** piety under Uskayaw
  5046 | D:5      | Reached skill level 1 in Invocations
  5135 | D:5      | Noticed Sigmund
  5146 | D:5      | Killed Sigmund
  5270 | D:5      | Noticed Menkaure
  5281 | D:5      | Killed Menkaure
  5297 | D:5      | Found a radiant altar of Vehumet.
  5376 | D:5      | Found a runed translucent door.
  5377 | D:5      | Noticed Crazy Yiuf
  5686 | D:6      | Noticed Grinder
  5695 | D:6      | Killed Grinder
  6033 | D:6      | Reached skill level 5 in Dodging
  6048 | D:6      | Learned a level 6 spell: Invisibility
  6099 | D:6      | Reached XP level 9. HP: 77/77 MP: 11/11
  6122 | D:6      | Reached skill level 9 in Stealth
  6315 | D:6      | Found a staircase to the Ecumenical Temple.
  6835 | D:7      | Reached *** piety under Uskayaw
  6969 | D:7      | Found a blossoming altar of Fedhas.
  7137 | D:7      | Noticed Prince Ribbit
  7341 | D:7      | Killed Prince Ribbit
  7341 | D:7      | Reached skill level 5 in Invocations
  7356 | D:7      | Reached **** piety under Uskayaw
  7841 | D:7      | Identified a scroll of acquirement
  8242 | D:8      | Reached XP level 10. HP: 84/88 MP: 14/14
  8565 | D:8      | Reached skill level 10 in Stealth
  8815 | D:8      | Noticed a two-headed ogre
  8820 | D:8      | Killed a two-headed ogre
  8876 | D:8      | You fall into a shaft and drop 2 floors!
  8876 | D:10     | Entered Level 10 of the Dungeon
  9254 | D:10     | Noticed Joseph
  9268 | D:10     | Found Nirphi's Assorted Antiques.
  9302 | D:10     | Bought a crude jade ring for 115 gold pieces
  9302 | D:10     | Bought a pair of glowing boots for 172 gold pieces
  9302 | D:10     | Bought a scroll labeled SOGOIL GAKLILU for 23 gold pieces
  9322 | D:9      | Identified the ring of Limitation {rCorr Dex+4} (You bought
                  | it in a shop on level 10 of the Dungeon)
  9361 | D:9      | Found a staircase to the Lair.
  9957 | D:9      | Found an ancient bone altar of Kikubaaqudgha.
  9991 | D:9      | Reached skill level 5 in Short Blades
 10158 | D:9      | HP: 4/90 [troll (10)]
 10161 | D:9      | Reached ***** piety under Uskayaw
 10187 | D:9      | Slain by a centaur

Levels and vault maps discovered:
D:1:      dpeg_arrival_connections, layout_loops_corners
D:2:      layout_basic, grunt_qazlal_sundering, guppyfry_early_lair_pool,
          uniq_natasha
D:3:      minmay_goblin_kobold_castle, layout_basic
D:4:      layout_layer_cave, dancing_weapons_uskayaw, serial_shops,
          kennysheep_little_box, first_ration, grunt_dithmenos_smoke_and_mirrors
D:5:      layout_cave_pods, vehumet_crystals, kennysheep_generic_room_3,
          uniq_menkaure, uniq_sigmund, uniq_crazy_yiuf_cottage
D:6:      layout_basic, temple_doors_ab, eino_tiny_chamber, grunt_ministairs_12,
          uniq_grinder
D:7:      layout_loops_ring, kennysheep_mini, uniq_prince_ribbit1
D:8:      layout_basic
D:9:      minmay_bloctagon, layout_basic, lemuel_crystal_altar,
          nicolae_ru_the_path_less_chosen
D:10:     layout_big_octagon, serial_gnoll_camp, gnoll_camp_huts_moat,
          gnoll_camp_mini_shop, gnoll_camp_medium_02, gnoll_camp_medium_01,
          uniq_joseph

Skill      XL: |  1  2  3  4  5  6  7  8  9 10 |
---------------+-------------------------------+-----
Stealth        | 4 5 6 7 8 9 10 | 10.8
Dodging        | 1 2 3 5 6 |  6.8
Fighting       | 3 4 6 7 8 |  8.5
Invocations    | 3 5 6 |  6.6
Short Blades   | 5 |  5.4
Throwing       | |  1.7

Action                   |  1- 3 |  4- 6 |  7- 9 | 10-12 || total
-------------------------+-------+-------+-------+-------++-------
Melee: Dagger            |    80 |   171 |   340 |   218 ||   809
       Tailslap          |     8 |    14 |    52 |    44 ||   118
Invok: Stomp             |       |       |       |     1 ||     1
 Abil: Breathe Noxious F |       |       |    11 |     1 ||    12
Evoke: Wand              |       |       |       |     2 ||     2
  Use: Scroll            |     3 |     5 |     6 |     6 ||    20
       Potion            |       |       |     1 |     2 ||     3
 Stab: Sleeping          |    13 |     2 |    16 |    12 ||    43
       Distracted        |       |     1 |     3 |       ||     4
       Confused          |       |       |    11 |       ||    11
       Paralysed         |       |       |     5 |     9 ||    14
  Eat: Chunk             |     2 |     3 |    13 |     8 ||    26
       Ration            |       |     1 |     1 |       ||     2
Armor: Skin              |    21 |    65 |    83 |    65 ||   234
Dodge: Dodged            |    36 |   117 |   208 |   180 ||   541

Table legend:
 A = Non-vault XP
 B = Vault XP
 C = Vault XP percentage of total XP
 D = Non-vault monster count
 E = Vault monster count
 F = Vault count percentage of total count
                 A         B        C        D         E       F
            +---------+---------+-------+---------+---------+-------
      Total |    7792 |    2282 |  22.7 |     190 |      64 |  25.2
            +---------+---------+-------+---------+---------+-------
        D:1 |      55 |       0 |   0.0 |      33 |       0 |   0.0
        D:2 |      81 |      33 |  28.9 |       8 |       1 |  11.1
        D:3 |     158 |     824 |  83.9 |      17 |      45 |  72.6
        D:4 |     429 |       0 |   0.0 |      15 |       0 |   0.0
        D:5 |     226 |     400 |  63.9 |       7 |       3 |  30.0
        D:6 |     786 |     260 |  24.9 |      21 |       2 |   8.7
        D:7 |    1368 |     255 |  15.7 |      25 |       1 |   3.8
        D:8 |    2767 |       0 |   0.0 |      44 |       0 |   0.0
        D:9 |    1414 |     481 |  25.4 |      16 |      10 |  38.5
       D:10 |     508 |      29 |   5.4 |       4 |       2 |  33.3
            +---------+---------+-------+---------+---------+-------
